 Dungeon Crawl Stone Soup version 0.30.1-4-g462c640d31 (webtiles) character file.

Game seed: 11109948147887729968

3686 eliilek the Protected (level 9, -4/79 HPs)
             Began as a Minotaur Fighter on Aug 20, 2023.
             Was an Initiate of Makhleb.
             Slain by a yak (8 damage)
             ... on level 7 of the Dungeon on Sept 17, 2023.
             The game lasted 00:33:37 (7547 turns).

eliilek the Protected (Minotaur Fighter)            Turns: 7547, Time: 00:33:38

Health: -4/79      AC: 17    Str: 28    XL:     9   Next: 90%
Magic:  8/8        EV:  9    Int:  5    God:    Makhleb [......]
Gold:   229        SH:  5    Dex: 13    Spells: 8/8 levels left

rFire   . . .        a - +0 flail
rCold   + . .        c - +0 buckler
rNeg    . . .        H - +0 chain mail
rPois   .            (helmet restricted)
rElec   .            p - +0 cloak
rCorr   .            o - +0 pair of gloves
SInv    .            t - +2 pair of boots
Will    .....        (no amulet) Stlth
                     l - +6 ring of strength
HPRegen 0.33/turn    s - ring of protection from cold
MPRegen 0.11/turn

%: no passive effects
@: no status effects
A: horns 2, retaliatory headbutt
a: Renounce Religion


You were on level 7 of the Dungeon.
You worshipped Makhleb.
Makhleb was noncommittal.
You visited 2 branches of the dungeon, and saw 9 of its levels.
You also visited: Sewer.

You collected 416 gold pieces.
You spent 187 gold pieces at shops.

Inventory:

Hand Weapons
 a - a +0 flail (weapon)
 b - a +0 sling
Missiles
 m - 3 curare-tipped darts
 u - 24 poisoned darts
 v - 5 atropa-tipped darts
 y - a throwing net
Armour
 c - a +0 buckler (worn)
 o - a +0 pair of gloves (worn)
 p - a +0 cloak (worn)
 t - a +2 pair of boots (worn)
 H - a +0 chain mail (worn)
Jewellery
 l - a +6 ring of strength (left hand)
 s - a ring of protection from cold (right hand)
 F - an amulet of the acrobat
Wands
 r - a wand of roots (6)
 w - a wand of light (14)
 A - a wand of charming (9)
 G - a wand of polymorph (8)
Scrolls
 e - 2 scrolls of fog
 f - a scroll of blinking {unknown}
 i - a scroll of teleportation {unknown}
 k - a scroll of enchant armour {unknown}
 q - a scroll of noise {unknown}
 C - 2 scrolls of magic mapping
 E - 2 scrolls of butterflies {unknown}
Potions
 d - a potion of might
 h - 3 potions of mutation
 n - 3 potions of ambrosia {unknown}
 x - a potion of curing
 z - 2 potions of cancellation {unknown}
 B - a potion of attraction {unknown}
 D - a potion of brilliance {unknown}


   Skills:
 + Level 7.3 Fighting
 * Level 9.5 Maces & Flails
 - Level 6.0 Ranged Weapons
 - Level 10.0 Armour
 + Level 7.0 Shields


You had 8 spell levels left.
You didn't know any spells.
Your spell library contained the following spells:

 Spells                   Type           Power      Damage    Failure   Level
 Beastly Appendage        Tmut           0%         N/A       91%         1
 Sandblast                Erth           0%         2d4       91%         1
 Ensorcelled Hibernation  Hex/Ice        0%         N/A       97%         2
 Passwall                 Tmut/Erth      0%         N/A       97%         2
 Wereblood                Tmut           0%         N/A       97%         2
 Spider Form              Tmut/Pois      0%         N/A       100%        3
 Stone Arrow              Conj/Erth      0%         3d7       100%        3
 Anguish                  Hex/Necr       0%         N/A       100%        4
 Chain Lightning          Conj/Air       0%         N/A       100%        9
 Fire Storm               Conj/Fire      0%         5d1       100%        9
 Shatter                  Erth           0%         3d5*      100%        9


Dungeon Overview and Level Annotations

Branches:
Dungeon (8/15)             Temple (1/1) D:7           Sewer (visited)
   Lair: D:8-11

Altars:
Ashenzari
Cheibriados
Dithmenos
Elyvilon
Fedhas
Gozag
Hepliaklqana
Kikubaaqudgha
Makhleb
Nemelex Xobeh
Okawaru
Qazlal
Sif Muna
Trog
Uskayaw
Vehumet
Wu Jian
Xom
Yredelemnul
Zin
The Shining One

Shops:
D:2 [   D:8 =


Innate Abilities, Weirdness & Mutations

You have a pair of horns on your head.
You reflexively headbutt those who attack you in melee.


Message History

The killer bee barely misses you.
The yak gores you but does no damage. x2
You block the killer bee's attack.
You miss the killer bee.
The killer bee is severely wounded.
You feel sick.
You are no longer poisoned.
The killer bee stings you.
You are poisoned.
The killer bee poisons you! The yak gores you. The yak completely misses you.
You block the killer bee's attack.
You barely miss the killer bee.
The killer bee is severely wounded.
You feel sick. The killer bee stings you!
* * * LOW HITPOINT WARNING * * *
You hit the killer bee.
The killer bee is almost dead.
The killer bee stings you but does no damage.
The yak gores you.
* * * LOW HITPOINT WARNING * * *
The yak misses you. The killer bee barely misses you.
You hit the killer bee but do no damage.
Your headbutt misses the killer bee.
The killer bee is almost dead.
You feel sick. You block the killer bee's attack. The yak barely misses you. x2
You furiously retaliate!
You headbutt the yak! The killer bee closely misses you.
You furiously retaliate!
You headbutt the killer bee.
You kill the killer bee!
Makhleb accepts your kill.
You feel sick.
You see here a +0 club.
The yak attacks as you move away! The yak closely misses you.
You feel sick. The yak attacks as you move away! The yak gores you!
* * * LOW HITPOINT WARNING * * *
You feel sick.
You are no longer poisoned.
The yak attacks as you move away! The yak gores you.
* * * LOW HITPOINT WARNING * * *
The yak attacks as you move away! The yak gores you!
You die...

###### #....##........
#....#####...###........
#....##.....## #........
#......)..### #........
#.....[>..# #####....
##.....)..# ########
#........# #.......
#....)YY.# #.......
#.....@..#######.......
######.........#####.##
#.........# #...#.
#...#############.
#...#≈≈≈≈≈≈≈≈≈≈≈#.
#...#≈≈≈≈≈≈≈≈≈≈≈#.
#.###≈≈≈≈≈≈≈≈≈≈≈#. #.#
#≈≈≈#####≈≈≈#.
#.#######...#≈≈≈##


You could see 2 yaks.

Vanquished Creatures
  The ghost of spardeous the Conjurer, a novice DgCj (D:6)
  Prince Ribbit (D:6)
  3 yaks (D:7)
  A water moccasin (D:5)
  An acid dragon (D:6)
  4 ice beasts
  A black bear (D:4)
  2 ogres
  The ghost of rvierbuc the Firebug, an amateur DgFE (D:3)
  A centaur (D:7)
  4 kobold brigands
  A bullfrog (D:6)
  3 scorpions
  10 killer bees (D:7)
  A howler monkey (D:4)
  Crazy Yiuf (D:7)
  A gnoll bouda (D:6)
  An orc priest (D:6)
  3 hounds
  A jelly (D:6)
  3 sleepcaps
  Natasha (thrice) (D:3)
  4 iguanas
  11 gnolls
  10 adders
  2 river rats (D:5)
  A shadow imp (D:6)
  8 worms
  2 dart slugs
  8 orcs
  5 endoplasms
  9 giant cockroaches
  3 hobgoblins
  8 jackals
  2 quokkas
  7 ball pythons
  5 bats
  3 frilled lizards
  3 goblins
  14 kobolds
  11 rats
164 creatures vanquished.

Notes
Turn   | Place    | Note
-------+----------+-------------------------------------------
     0 | D:1      | eliilek the Minotaur Fighter began the quest for the Orb.
     0 | D:1      | Reached XP level 1. HP: 19/19 MP: 0/0
    70 | D:1      | Found a faded altar of an unknown god.
   187 | D:1      | Reached XP level 2. HP: 27/27 MP: 1/1
   497 | D:1      | Reached skill level 4 in Armour
   909 | D:2      | Found Efuupe's Antique Armour Shoppe.
  1038 | D:2      | Reached XP level 3. HP: 33/33 MP: 2/2
  1834 | D:3      | Reached skill level 1 in Ranged Weapons
  1976 | D:2      | Bought a pair of glowing boots for 187 gold pieces
  2055 | D:3      | Found a runed translucent door.
  2056 | D:3      | Noticed rvierbuc's ghost (amateur DgFE)
  2160 | D:3      | Noticed an ogre
  2168 | D:3      | Killed an ogre
  2169 | D:3      | Reached XP level 4. HP: 40/40 MP: 3/3
  2169 | D:3      | Reached XP level 5. HP: 46/46 MP: 4/4
  2216 | D:3      | Noticed Natasha
  2223 | D:3      | Killed Natasha
  2305 | D:3      | Reached skill level 5 in Armour
  2379 | D:3      | Noticed Natasha
  2383 | D:3      | Killed Natasha
  2383 | D:3      | Noticed Natasha
  2391 | D:3      | Killed Natasha
  2573 | D:3      | Killed rvierbuc's ghost
  2574 | D:3      | Reached XP level 6. HP: 48/53 MP: 5/5
  2842 | D:4      | Reached skill level 5 in Maces & Flails
  2913 | D:4      | Reached XP level 7. HP: 58/60 MP: 6/6
  3205 | D:5      | Entered Level 5 of the Dungeon
  3215 | D:5      | Reached skill level 6 in Armour
  3249 | D:5      | Reached skill level 5 in Fighting
  3249 | D:5      | Reached skill level 5 in Shields
  3331 | D:5      | Found a glowing drain.
  3345 | Sewer    | Entered a sewer
  3543 | Sewer    | Reached XP level 8. HP: 36/68 MP: 7/7
  3932 | Sewer    | Reached skill level 5 in Ranged Weapons
  3932 | Sewer    | Reached skill level 7 in Armour
  4060 | D:5      | Identified the +6 short sword "Nekikep" {flame, rF- rN+
                  | Dex+5}
  4774 | D:6      | Noticed spardeous's ghost (novice DgCj)
  4919 | D:6      | Noticed Prince Ribbit
  4947 | D:6      | Killed Prince Ribbit
  5067 | D:6      | Reached skill level 8 in Armour
  5137 | D:6      | Reached XP level 9. HP: 75/75 MP: 8/8
  5512 | D:6      | Found a transporter.
  5515 | D:6      | Found a transporter.
  5835 | D:6      | Killed spardeous's ghost
  6100 | D:7      | Found a runed translucent door.
  6102 | D:7      | Noticed Crazy Yiuf
  6110 | D:7      | Killed Crazy Yiuf
  6260 | D:7      | Reached skill level 9 in Armour
  6863 | D:7      | Found a staircase to the Ecumenical Temple.
  6899 | Temple   | Entered the Ecumenical Temple
  6957 | Temple   | Became a worshipper of Makhleb the Destroyer
  7004 | D:8      | Found Ecederut's Jewellery Boutique.
  7424 | D:7      | Reached skill level 10 in Armour
  7547 | D:7      | Slain by a yak

Illustrated notes

Levels and vault maps discovered:
D:1:      lemuel_arrival_funnel, layout_basic, ebering_ecumenical_altar_webs
D:2:      layout_loops_ring, serial_shops, nicolae_square_shop, grunt_decor_cap,
          st_stairs_14
D:3:      layout_loops_ring, ebering_ghost_sewer_d, kennysheep_donut,
          serial_bayou_ford_a, uniq_natasha
D:4:      layout_rooms
D:5:      layout_rooms, portal_sewer_entry_e
D:6:      layout_basic, gammafunk_ghost_arena, uniq_prince_ribbit1
D:7:      layout_basic, minmay_temple_entry_poolview, uniq_crazy_yiuf_cottage
D:8:      layout_basic, serial_shops, nicolae_shop_bloodbath_and_beyond, shop,
          shop, kennysheep_mini_moat
Temple:   compressed_dpeg_circular_temple

Skill      XL: |  1  2  3  4  5  6  7  8  9 |
---------------+----------------------------+-----
Armour         | 4 5 6 8 10 | 10.0
Maces & Flails | 3 4 5 6 7 9 |  9.5
Fighting       | 4 5 6 7 |  7.3
Shields        | 4 5 6 7 |  7.0
Ranged Weapons | 2 3 4 6 |  6.0

Action                     |  1- 3 |  4- 6 |  7- 9 || total
---------------------------+-------+-------+-------++-------
  Melee: Flail             |    79 |    69 |   315 ||   463
         Headbutt          |     8 |    10 |    58 ||    76
   Fire: Sling             |    46 |    18 |   118 ||   182
  Throw: Dart              |     1 |       |       ||     1
    Use: Potion            |     1 |       |     4 ||     5
         Scroll            |       |       |     7 ||     7
 Armour: Scale mail        |    39 |    42 |    82 ||   163
         Chain mail        |       |       |   132 ||   132
  Dodge: Dodged            |    32 |    30 |   141 ||   203
  Block: Buckler           |    24 |    12 |    93 ||   129
